 Dungeon Crawl Stone Soup version 0.31-a0-188-g5e087ee2ca (webtiles) character file.

Game seed: 13114321454165069046

1501 qw the Skirmisher (level 8, -5/46 HPs)
             Began as a Deep Elf Hunter on June 23, 2023.
             Shot with an arrow by a centaur (7 damage)
             ... on level 6 of the Dungeon.
             The game lasted 00:01:51 (4858 turns).

qw the Skirmisher (Deep Elf Hunter)                 Turns: 4858, Time: 00:01:52

Health: -5/46      AC:  8    Str: 19    XL:     8   Next: 52%
Magic:  10/10      EV: 13    Int: 17    God:
Gold:   335        SH:  0    Dex: 18    Spells: 7/7 levels left

rFire   . . .        o - +0 triple crossbow (heavy)
rCold   . . .        (shield currently unavailable)
rNeg    . . .        j - +0 ring mail
rPois   .            f - +0 helmet
rElec   .            d - +0 cloak
rCorr   .            h - +0 pair of gloves
SInv    .            (no boots)
Will    .....        (no amulet)
Stlth   +            b - ring of Finill {Wiz Str+3 Int+2}
HPRegen 0.27/turn    g - +6 ring of strength
MPRegen 0.12/turn

%: wizardry (x1)
@: about to teleport
A: no striking features
a: no special abilities


You were on level 6 of the Dungeon.
You visited 1 branch of the dungeon, and saw 6 of its levels.

You collected 335 gold pieces.


   Skills:
 - Level 3.0 Fighting
 + Level 13.0 Ranged Weapons
 - Level 1.2 Armour
 - Level 5.1 Dodging
 - Level 1.2 Stealth


You had 7 spell levels left.
You didn't know any spells.
Your spell library was empty.

Inventory:

Hand Weapons
 o - a +0 heavy triple crossbow (weapon)
Armour
 d - a +0 cloak (worn)
 f - a +0 helmet (worn)
 h - a +0 pair of gloves (worn)
 i - a +2 pair of boots
 j - a +0 ring mail (worn)
Jewellery
 b - the ring of Finill (left hand) {Wiz Str+3 Int+2}
   (You found it on level 2 of the Dungeon)

   [ring of wizardry]

   It improves your spell success rate.
   Str:       It affects your strength (+3).
   Int:       It affects your intelligence (+2).
 g - a +6 ring of strength (right hand)
Scrolls
 k - a scroll of identify
Potions
 a - 5 potions of curing
 e - a potion of might
 l - 2 potions of heal wounds {unknown}
 m - a potion of haste
 n - a potion of berserk rage {unknown}

Dungeon Overview and Level Annotations

Branches:
Dungeon (6/15)             Temple (0/1) D:6

Altars:
Ru

Shops:
D:2 =


Message History

The bullfrog is moderately wounded.
The bullfrog barely misses you.
The centaur shoots an arrow.
The arrow closely misses you.
The bullfrog hits you but does no damage.
The centaur shoots an arrow.
The arrow barely misses you.
The centaur shoots an arrow.
The arrow misses you. The bullfrog hits you. The bullfrog closely misses you.
The centaur shoots an arrow.
The arrow barely misses you.
You shoot a bolt. The bolt barely misses the bullfrog.
You hear the quick rusting of a drain nearby.
The bullfrog hits you but does no damage.
The centaur shoots an arrow.
The arrow hits you!
The centaur shoots an arrow.
The arrow closely misses you.
The bullfrog hits you but does no damage.
The bullfrog hits you.
The centaur shoots an arrow.
The arrow closely misses you.
The centaur shoots an arrow.
The arrow closely misses you. The bullfrog closely misses you.
You shoot a bolt. The bolt closely misses the bullfrog.
The bullfrog hits you but does no damage.
The centaur shoots an arrow.
The arrow barely misses you. The bullfrog barely misses you.
The centaur shoots an arrow.
The arrow hits you. The bullfrog barely misses you.
The centaur shoots an arrow.
The arrow hits you. The bullfrog hits you.
You shoot a bolt. The bolt closely misses the bullfrog.
The bullfrog barely misses you.
The centaur shoots an arrow.
The arrow hits you.
The centaur shoots an arrow.
The arrow misses you. The bullfrog closely misses you.
The bullfrog hits you but does no damage.
The centaur shoots an arrow.
The arrow misses you.
The centaur shoots an arrow.
The arrow hits you!
The bullfrog hits you but does no damage.
4857 ||| READING scroll of teleportation.
As you read the scroll of teleportation, it crumbles to dust.
You feel strangely unstable.
The bullfrog hits you but does no damage.
The centaur shoots an arrow.
The arrow hits you.
You shoot a bolt. The bolt hits the bullfrog.
The bullfrog is heavily wounded.
The bullfrog barely misses you.
The centaur shoots an arrow.
The arrow hits you!
You die...

#. #. ##############.
#..#####............#.
##..#.#.#.#.#.#.#.#.##.
.c..................##
#.#.#.#.#.#.#.#.#.##
..................#
#.#.#.#.#.#.#.#.#.##
#..F@..............#
.....#.#.#.#.#.#<#.#.###
### ######.####.##.....
#.............
##############


You could see a bullfrog and a centaur.

Vanquished Creatures
  A water moccasin (D:4)
  An ice beast (D:5)
  3 black bears
  2 ogres (D:5)
  3 phantoms
  A scorpion (D:4)
  2 jellies
  2 hounds (D:5)
  An orc priest (D:5)
  A gnoll bouda (D:3)
  An iguana (D:5)
  A sleepcap (D:5)
  An orc wizard (D:4)
  5 adders
  12 gnolls
  A white imp (D:6)
  A worm (D:2)
  4 dart slugs
  11 orcs
  4 bats
  4 endoplasms
  6 giant cockroaches
  36 goblins
  22 hobgoblins
  4 jackals (D:1)
  5 quokkas
  2 ball pythons
  4 frilled lizards
  9 kobolds
  5 rats
155 creatures vanquished.

Notes
Turn   | Place    | Note
-------+----------+-------------------------------------------
     0 | D:1      | qw the Deep Elf Hunter began the quest for the Orb.
     0 | D:1      | Reached XP level 1. HP: 12/12 MP: 3/3
     0 | D:1      | 0 ||| qw: Version: 0.3-a-9-g12657ce
     0 | D:1      | 0 ||| qw: Game counter: 4233
     0 | D:1      | 0 ||| qw: Always use a shield: true
     0 | D:1      | 0 ||| qw: God list: Okawaru
     0 | D:1      | 0 ||| qw: Allow faded altars: false
     0 | D:1      | 0 ||| qw: Do Orc after D:15 true
     0 | D:1      | 0 ||| qw: Do second Lair branch before Depths: true
     0 | D:1      | 0 ||| qw: Lair rune preference: random
     0 | D:1      | 0 ||| qw: Plans: Normal
     0 | D:1      | 0 ||| PLANNING D:1-11
   123 | D:1      | Reached XP level 2. HP: 16/16 MP: 4/4
   146 | D:1      | Reached skill level 6 in Ranged Weapons
   224 | D:1      | 224 ||| FLEEEEING.
   225 | D:1      | 225 ||| FLEEEEING.
   226 | D:1      | 226 ||| FLEEEEING.
   227 | D:1      | 227 ||| FLEEEEING.
   402 | D:1      | 402 ||| UPGRADING to +0 cloak.
   407 | D:1      | 407 ||| UPGRADING to +0 helmet.
   412 | D:1      | 412 ||| READING scroll labelled TONUDUICZU.
   413 | D:1      | 413 ||| READING scroll labelled DIKLAZ IBIXI.
   417 | D:1      | 417 ||| DROPPING scroll of butterflies.
   534 | D:2      | Found Kosham's Jewellery Shoppe.
   541 | D:2      | Reached XP level 3. HP: 20/20 MP: 5/5
   546 | D:2      | 546 ||| SHOPLISTING +4 ring of protection (468 gold, have
                  | 33).
   546 | D:2      | 546 ||| SHOPLISTING amulet of reflection (390 gold, have
                  | 33).
   546 | D:2      | 546 ||| SHOPLISTING ring "Zuimioc" {rN+ Will- AC+4 Dex+3}
                  | (640 gold, have 33).
   546 | D:2      | 546 ||| SHOPLISTING ring of see invisible (195 gold, have
                  | 33).
   546 | D:2      | 546 ||| SHOPLISTING ring of willpower (325 gold, have 33).
   598 | D:2      | Found a faded altar of an unknown god.
  1106 | D:2      | Identified the ring of Finill {Wiz Str+3 Int+2}
  1340 | D:2      | 1340 ||| UPGRADING to ring of Finill {Wiz Str+3 Int+2}.
  1341 | D:2      | 1341 ||| READING scroll labelled NEFU JAMUXZAIS.
  1342 | D:2      | 1342 ||| READING scroll labelled XULICE BOUCEYMP.
  1414 | D:3      | Reached skill level 7 in Ranged Weapons
  1818 | D:3      | Reached XP level 4. HP: 22/25 MP: 6/6
  1836 | D:3      | 1836 ||| Stepping ~*~*~tactically~*~*~ (outnumbered).
  1838 | D:3      | 1838 ||| Stepping ~*~*~tactically~*~*~ (outnumbered).
  1853 | D:3      | Reached skill level 8 in Ranged Weapons
  1853 | D:3      | HP: 6/25 [gnoll/+0 club[a gnoll bouda] (4)]
  1854 | D:3      | 1854 ||| READING scroll of teleportation.
  2066 | D:3      | 2066 ||| UPGRADING to +0 pair of gloves.
  2071 | D:3      | 2071 ||| UPGRADING to +0 ring mail.
  2081 | D:3      | 2081 ||| DROPPING +0 leather armour.
  2082 | D:3      | 2082 ||| UPGRADING to +6 ring of strength.
  2083 | D:3      | 2083 ||| READING scroll labelled HOUTTI LE LIO.
  2084 | D:3      | 2084 ||| READING scroll labelled ONICSI ZUGOUR.
  2085 | D:3      | 2085 ||| READING scroll labelled ZUNGUOLUMAST.
  2214 | D:4      | Found a sacrificial altar of Ru.
  2222 | D:4      | Noticed a scorpion
  2226 | D:4      | Killed a scorpion
  2227 | D:4      | Reached XP level 5. HP: 16/29 MP: 7/7
  2241 | D:4      | 2241 ||| FLEEEEING.
  2242 | D:4      | 2242 ||| FLEEEEING.
  2343 | D:4      | Reached skill level 9 in Ranged Weapons
  2409 | D:4      | Reached skill level 1 in Armour
  2503 | D:4      | Noticed a water moccasin
  2510 | D:4      | Killed a water moccasin
  2511 | D:4      | Reached XP level 6. HP: 25/36 MP: 8/8
  3104 | D:4      | 3104 ||| READING scroll labelled VAEGUOP GAFEUCEM.
  3105 | D:4      | 3105 ||| DRINKING 2 emerald potions.
  3106 | D:4      | 3106 ||| READING 2 scrolls of identify.
  3106 | D:4      | 3106 ||| IDENTIFYING glowing pink potion
  3171 | D:5      | Entered Level 5 of the Dungeon
  3216 | D:5      | Noticed an ice beast
  3223 | D:5      | Killed an ice beast
  3224 | D:5      | Reached XP level 7. HP: 40/40 MP: 9/9
  3231 | D:5      | Reached skill level 10 in Ranged Weapons
  3422 | D:5      | 3422 ||| Stepping ~*~*~tactically~*~*~ (outnumbered).
  3424 | D:5      | 3424 ||| Stepping ~*~*~tactically~*~*~ (outnumbered).
  3426 | D:5      | 3426 ||| Stepping ~*~*~tactically~*~*~ (outnumbered).
  3501 | D:5      | Reached skill level 11 in Ranged Weapons
  3544 | D:5      | 3544 ||| FLEEEEING.
  3545 | D:5      | 3545 ||| FLEEEEING.
  3689 | D:5      | Reached XP level 8. HP: 45/45 MP: 10/10
  3706 | D:5      | 3706 ||| Stepping ~*~*~tactically~*~*~ (outnumbered).
  3718 | D:5      | HP: 11/45 [gnoll/+0 spear (2)]
  3719 | D:5      | 3719 ||| READING scroll of teleportation.
  4169 | D:5      | Reached skill level 12 in Ranged Weapons
  4238 | D:5      | 4238 ||| Stepping ~*~*~tactically~*~*~ (water).
  4244 | D:5      | Reached skill level 3 in Fighting
  4320 | D:5      | 4320 ||| READING scroll labelled ZEABUI SIKIT.
  4320 | D:5      | Identified a scroll of acquirement
  4320 | D:5      | 4320 ||| ACQUIRING +0 heavy triple crossbow
  4320 | D:5      | Acquired a +0 heavy triple crossbow
  4322 | D:5      | 4322 ||| SWAPPING to +0 heavy triple crossbow.
  4323 | D:5      | 4323 ||| DROPPING +0 heavy shortbow.
  4324 | D:5      | 4324 ||| READING 3 scrolls of identify.
  4324 | D:5      | 4324 ||| IDENTIFYING white potion
  4325 | D:5      | 4325 ||| READING 2 scrolls of identify.
  4325 | D:5      | 4325 ||| IDENTIFYING fuming coppery potion
  4326 | D:5      | 4326 ||| DROPPING potion of degeneration.
  4374 | D:6      | 4374 ||| PLANNING SEWER
  4377 | D:6      | 4377 ||| STAIRDANCE
  4490 | D:6      | Reached skill level 13 in Ranged Weapons
  4702 | D:6      | Found a staircase to the Ecumenical Temple.
  4856 | D:6      | HP: 5/46 [centaur/arrow (7)]
  4857 | D:6      | 4857 ||| READING scroll of teleportation.
  4857 | D:6      | HP: 1/46 [centaur/arrow (4)]
  4858 | D:6      | Shot with an arrow by a centaur

Levels and vault maps discovered:
D:1:      nzn_arrival_crosshair, layout_rooms
D:2:      layout_basic, serial_shops, nicolae_shop_advertising_works
          [nicolae_subvault_shop_adworks], dreamdust_ecumenical_altar_grove,
          amcnicky_mini_corridor_feature, nicolae_elevator_lobby_asterisk
D:3:      layout_basic, serial_aquarium, aquarium_bridge_square
          [aquarium_subvault_bridge, aquarium_subvault_bridge,
          aquarium_subvault_wall, aquarium_subvault_wall],
          aquarium_bridge_straight [aquarium_subvault_bridge,
          aquarium_subvault_window, aquarium_subvault_bridge,
          aquarium_subvault_balcony], aquarium_window_2, aquarium_window_3,
          aquarium_window_fake, aquarium_view_2c, aquarium_view_2f,
          aquarium_pool_side
D:4:      layout_basic, lemuel_doored_altar, serial_corexii_hall,
          chequers_hall_statues_wall_a, corexii_hall_statues_i,
          corexii_hall_statues_t, chequers_hall_statues_wall_a,
          corexii_hall_statues_x, corexii_hall_statues_x
D:5:      minmay_goblin_kobold_castle, layout_rooms
D:6:      layout_loops_ring, lemuel_crystal_altar,
          minmay_temple_entry_nine_rooms, portal_sewer_entry_f, st_stairs_12,
          uniq_crazy_yiuf_cottage

Skill      XL: |  1  2  3  4  5  6  7  8 |
---------------+-------------------------+-----
Ranged Weapons | 6 7 8 9 11 13 | 13.0
Armour         | 1 |  1.2
Fighting       | 2 3 |  3.0
Dodging        | 4 5 |  5.1
Stealth        | |  1.2

Action                     |  1- 3 |  4- 6 |  7- 9 || total
---------------------------+-------+-------+-------++-------
   Fire: Shortbow          |   106 |    84 |   163 ||   353
         Triple crossbow   |       |       |    20 ||    20
    Use: Scroll            |     4 |     6 |     5 ||    15
         Potion            |       |     1 |       ||     1
 Armour: Leather armour    |     6 |     4 |       ||    10
         Ring mail         |       |     7 |    74 ||    81
  Dodge: Dodged            |    23 |    25 |   132 ||   180

Table legend:
 A = Non-vault XP
 B = Vault XP
 C = Vault XP percentage of total XP
 D = Non-vault monster count
 E = Vault monster count
 F = Vault count percentage of total count
                 A         B        C        D         E       F
            +---------+---------+-------+---------+---------+-------
      Total |    1918 |     227 |  10.6 |      96 |      59 |  38.1
            +---------+---------+-------+---------+---------+-------
        D:1 |      36 |       0 |   0.0 |      23 |       0 |   0.0
        D:2 |      23 |       0 |   0.0 |      12 |       0 |   0.0
        D:3 |     124 |       0 |   0.0 |      12 |       0 |   0.0
        D:4 |     480 |       0 |   0.0 |      23 |       0 |   0.0
        D:5 |     735 |     227 |  23.6 |      20 |      59 |  74.7
        D:6 |     520 |       0 |   0.0 |       6 |       0 |   0.0
            +---------+---------+-------+---------+---------+-------
